 Dungeon Crawl Stone Soup version 0.27.1-33-g824d729ab1 (webtiles) character file.

Game seed: 12183534199444002568

84 Holzbalken the Chopper (level 4, 0/33 HPs)
             Began as a Demonspawn Gladiator on Dec 8, 2021.
             Succumbed to a water moccasin's poison
             ... on level 5 of the Dungeon.
             The game lasted 00:08:31 (2592 turns).

Holzbalken the Chopper (Demonspawn Gladiator)       Turns: 2592, Time: 00:08:32

Health: 0/33       AC:  8    Str: 15    XL:     4   Next: 24%
Magic:  4/4        EV: 11    Int: 10    God:
Gold:   113        SH:  0    Dex: 14    Spells: 3/3 levels left

rFire    . . .     SeeInvis .   a - +0 war axe
rCold    . . .     Faith    .   (no shield)
rNeg     + . .     Spirit   .   f - +0 ring mail
rPois    .         Reflect  .   c - +0 helmet
rElec    .         Harm     .   (no cloak)
rCorr    +         Rampage  .   (no gloves)
Will     .....                  (no boots)
Stlth    +.........             (no amulet)
HPRegen  0.11/turn              h - ring of positive energy
MPRegen  0.09/turn              i - ring of resist corrosion

@: lethally poisoned (0 -> -12)
A: thin metallic scales 1
a: no special abilities


You were on level 5 of the Dungeon.
You visited 1 branch of the dungeon, and saw 4 of its levels.

You collected 133 gold pieces.
You spent 20 gold pieces at shops.

Inventory:

Hand Weapons
 a - a +0 war axe (weapon)
Missiles
 d - 3 throwing nets (quivered)
Armour
 b - a +0 leather armour
 c - a +0 helmet (worn)
 f - a +0 ring mail (worn)
Jewellery
 h - a ring of positive energy (left hand)
 i - a ring of resist corrosion (right hand)
Scrolls
 g - a scroll of identify
 l - a scroll of fog {unknown}
Potions
 j - a potion of flight
 k - a potion of magic
 m - a potion of invisibility
 o - a potion of lignification {unknown}


   Skills:
 - Level 2.0 Fighting
 + Level 4.6 Axes
 - Level 1.7 Throwing
 - Level 2.6 Dodging


You had 3 spell levels left.
You didn't know any spells.
Your spell library contained the following spells:

 Spells                   Type           Power      Damage    Failure   Level
 Blink                    Tloc           N/A        N/A       75%         2
 Lesser Beckoning         Tloc           0%         N/A       92%         3
 Petrify                  Tmut/Erth      0%         N/A       100%        4
 Fireball                 Conj/Fire      0%         3d3       100%        5
 Iskenderun's Battlesphe  Conj           0%         2d6       100%        5
 Manifold Assault         Tloc           0%         N/A       100%        5
 Metabolic Englaciation   Hex/Ice        0%         N/A       100%        5
 Statue Form              Tmut/Erth      0%         N/A       100%        6
 Spellforged Servitor     Conj/Summ      0%         N/A       100%        7


Dungeon Overview and Level Annotations

Branches:
Dungeon (3/15)

Altars:

Shops:
D:2 *:*


Innate Abilities, Weirdness & Mutations

You are partially covered in thin metallic scales. (AC +2)


Message History

The water moccasin completely misses you.
The water moccasin bites you.
* * * LOW HITPOINT WARNING * * *
You are more poisoned.
The water moccasin poisons you! The hound closely misses you.
The orc priest miscasts a cantrip.
The water moccasin closely misses you.
The water moccasin bites you but does no damage.
The hound bites you.
* * * LOW HITPOINT WARNING * * *
You feel better.
Your surroundings suddenly seem different. 2 orcs come into view.
Found an escape hatch in the floor.
The orc shouts! x2; You hear a shout!
An orc wizard comes into view. It is wielding a +0 dagger.
The water moccasin hisses angrily.
An orc comes into view. It is wielding a +0 short sword.
The orc shouts!
You hear an angry hiss.
An iguana comes into view.
The iguana hisses angrily.
The orc misses you.
You barely miss the orc. You miss the water moccasin.
The water moccasin closely misses you. The orc hits you but does no damage.
The water moccasin bites you.
* * * LOW HITPOINT WARNING * * *
You are lethally poisoned!
The water moccasin poisons you!
You hit the orc.
The orc is heavily wounded.
You closely miss the water moccasin.
* * * LOW HITPOINT WARNING * * *
You feel very sick.
The water moccasin bites you but does no damage.
The orc hits you but does no damage.
The water moccasin bites you but does no damage.
You closely miss the orc.
The orc is heavily wounded.
You closely miss the water moccasin.
You die...

##### #S..#######
#h#...h...# ##..
#S#o......+ ...
#@##oS....# #..
#o##......######..
.l.+o.$..n...h##..
##.##......###So##.
.....#.......n....
..>..+............
.....#.########.#.
..... ....!. ###.#.


You could see 2 water moccasins, an iguana, a hound and an orc.

Vanquished Creatures
  3 adders
  A worm (D:3)
  3 dart slugs
  6 ball pythons
  8 bats
  3 endoplasms
  A giant cockroach (D:2)
  4 goblins
  3 hobgoblins (D:1)
  5 quokkas
  3 frilled lizards
  2 kobolds
  5 rats
47 creatures vanquished.

Notes
Turn   | Place    | Note
-------+----------+-------------------------------------------
     0 | D:1      | Holzbalken the Demonspawn Gladiator began the quest for the
                  | Orb.
     0 | D:1      | Reached XP level 1. HP: 16/16 MP: 1/1
   225 | D:1      | Reached skill level 3 in Axes
   360 | D:1      | Gained mutation: You are partially covered in thin metallic
                  | scales. (AC +2) [demonic ancestry]
   360 | D:1      | Reached XP level 2. HP: 17/22 MP: 2/2
   449 | D:1      | Found a faded altar of an unknown god.
   634 | D:1      | Got Ekilakk's Guide on Attacks
  1299 | D:2      | Reached XP level 3. HP: 25/27 MP: 3/3
  1401 | D:2      | Found Ycsou's Assorted Antiques.
  1466 | D:2      | Reached skill level 4 in Axes
  1500 | D:2      | Found Waudeuwk's Book Boutique.
  1718 | D:2      | Found Noijez's General Store.
  1737 | D:2      | Bought a scroll of identify for 20 gold pieces
  2355 | D:3      | Reached XP level 4. HP: 24/33 MP: 4/4
  2553 | D:3      | You fall into a shaft and drop 2 floors!
  2553 | D:5      | Entered Level 5 of the Dungeon
  2553 | D:5      | Noticed a water moccasin
  2559 | D:5      | Noticed a necrophage
  2570 | D:5      | Noticed a water moccasin
  2592 | D:5      | Succumbed to a water moccasin's poison

Illustrated notes

Levels and vault maps discovered:
D:1:      dpeg_arrival_orchard, layout_basic, serial_curves, eino_curves_01,
          eino_curves_02, shapermc_ecumenical_altar_gd, minmay_tetromino_i2
D:2:      layout_basic, serial_shops, shop_fountains,
          nicolae_shop_temple_entry_statues_fountains, shop, minmay_door_square
D:3:      layout_loops_ring
D:5:      layout_basic, kennysheep_generic_room_9

Skill      XL: |  1  2  3 |
---------------+----------+-----
Axes           | 3 4 |  4.6
Fighting       | |  2.0
Throwing       | |  1.7
Dodging        | |  2.6

Action                   |  1- 3 |  4- 6 || total
-------------------------+-------+-------++-------
Melee: War axe           |   124 |    18 ||   142
  Use: Scroll            |     4 |     3 ||     7
       Potion            |       |     2 ||     2
Armor: Ring mail         |    53 |    25 ||    78
       Leather armour    |     1 |       ||     1
Dodge: Dodged            |   105 |    37 ||   142
